 Dungeon Crawl Stone Soup version 0.27-a0-1591-gc56fcc985a (webtiles) character file.

Game seed: 16277771019577289058

1767 Froggeryz the Cleaver (level 9, -17/62 (63) HPs)
             Began as a Human Berserker on July 19, 2021.
             Was an Elder of Trog.
             Demolished by a wight (21 damage)
             ... on level 6 of the Dungeon.
             The game lasted 00:04:59 (7501 turns).

Froggeryz the Cleaver (Human Berserker)             Turns: 7501, Time: 00:05:00

HP:   -17/62 (63)   AC: 14    Str: 27    XL:     9   Next: 28%
MP:   9/9           EV:  8    Int:  8    God:    Trog [****..]
Gold: 160           SH:  0    Dex: 12    Spells: 8/8 levels left

rFire    . . .     SeeInvis .   r - +1 hand axe (vorpal)
rCold    . . .     Faith    +   (no shield)
rNeg     . . .     Spirit   .   d - +0 plate armour
rPois    .         Reflect  .   (no helmet)
rElec    .         Harm     .   (no cloak)
rCorr    .         Rampage  .   o - +0 pair of gloves
Will     .....                  (no boots)
Stlth    ..........             p - amulet of faith
HPRegen  0.20/turn              g - +6 ring of strength
MPRegen  0.11/turn              (no ring)

@: about to teleport, on berserk cooldown, slowed, lightly drained, very slow
A: no striking features
a: Renounce Religion, Berserk, Trog's Hand, Brothers in Arms


You were on level 6 of the Dungeon.
You worshipped Trog.
Trog was greatly pleased with you.
You visited 1 branch of the dungeon, and saw 6 of its levels.
You also visited: Sewer.

You collected 160 gold pieces.

Inventory:

Hand Weapons
 r - a +1 vorpal hand axe (weapon)
Missiles
 b - a curare-tipped dart (quivered)
 l - a throwing net
Armour
 d - a +0 plate armour (worn)
 o - a +0 pair of gloves (worn)
Jewellery
 g - a +6 ring of strength (left hand)
 p - an amulet of faith (around neck)
Wands
 a - a wand of acid (11)
Scrolls
 m - a scroll of enchant weapon {unknown}
 n - 2 scrolls of holy word
 q - a scroll of fog {unknown}
Potions
 e - 2 potions of invisibility
 f - a potion of degeneration {unknown}
 h - 2 potions of curing
 i - 4 potions of flight
 j - a potion of heal wounds
 k - a potion of mutation {unknown}


   Skills:
 - Level 3.0 Fighting
 * Level 10.1 Axes
 + Level 6.3 Armour
 - Level 2.0 Dodging


You had 8 spell levels left.
You didn't know any spells.
Your spell library was empty.

Dungeon Overview and Level Annotations

Branches:
Dungeon (6/15)              Sewer (visited)
 Temple: D:4-7

Altars:
Makhleb
Uskayaw
Yredelemnul

Shops:
D:4 [


Message History

You are too injured to fight recklessly!
You are too injured to fight recklessly!
You are too injured to fight recklessly!
You are too injured to fight recklessly!
Unknown command.
A wight comes into view. It is wielding a +0 mace.
The centaur shoots an arrow.
The arrow hits you but does no damage.
The wight hits you with a +4 great sword!
* * * LOW HITPOINT WARNING * * *
The white imp closely misses you. The hound bites you but does no damage.
The wight hits you from afar with a +1 halberd!
* * * LOW HITPOINT WARNING * * *
Okay, then.
You feel much better.
The centaur shoots an arrow.
The arrow hits you. The hound closely misses you.
The phantom hits you but does no damage.
The centaur shoots an arrow.
The arrow hits you but does no damage. The wight hits you but does no damage.
The white imp closely misses you. The wight hits you but does no damage.
The hound bites you but does no damage.
The phantom hits you but does no damage.
The centaur shoots an arrow.
The arrow hits you. The wight barely misses you.
As you read the scroll of teleportation, it crumbles to dust.
You feel strangely unstable.
The hound barks!
The hound barely misses you. The white imp gestures at you.
The puff of frost hits you!
* * * LOW HITPOINT WARNING * * *
The centaur shoots an arrow.
The arrow barely misses you.
The arrow barely misses the wight.
The wight hits you from afar with a +1 halberd.
* * * LOW HITPOINT WARNING * * *
You feel drained.
* * * LOW HITPOINT WARNING * * *
The hound bites you but does no damage. The phantom hits you.
* * * LOW HITPOINT WARNING * * *
The wight hits you but does no damage. The wight closely misses you.
The white imp barely misses you. The wight barely misses you.
The wight hits you but does no damage. Space warps horribly around you!!
You die...

......##. .# .#........
.# .........##.### ..
............#.#. ..
........?....... .##
........c.zz.# ..####.
..........z..# ##.......
.......5@z..####........
.......hzW..##.)........
........O...(...<#.....
#.......).<.......#
####.(h###.......##
#.>.#...$.....#
.....##.........#
.#....#.....##.#....
#..h.#..######...##


You could see a phantom, an ogre, a centaur, 2 hounds, 5 wights and a white imp.

Vanquished Creatures
  Menkaure (D:6)
  6 necrophages (D:4)
  An ogre (D:5)
  A kobold brigand (Sewer)
  A bullfrog (D:5)
  A water moccasin zombie (D:4)
  2 scorpions
  A howler monkey (D:6)
  5 wights
  A human zombie (D:4)
  A hound (D:5)
  A jelly (D:5)
  A bullfrog skeleton (D:5)
  3 iguanas
  An orc wizard (D:5)
  3 mummies (D:4)
  9 adders
  2 river rats
  An ufetubus (D:4)
  An adder skeleton (D:4)
  5 worms
  2 dart slugs
  13 orcs
  7 endoplasms
  10 giant cockroaches
  2 goblins
  2 hobgoblins
  9 jackals
  10 kobolds
  6 quokkas
  6 ball pythons
  5 bats
  2 frilled lizards
  13 rats
135 creatures vanquished.

Notes
Turn   | Place    | Note
-------+----------+-------------------------------------------
     0 | D:1      | Froggeryz the Human Berserker began the quest for the Orb.
     0 | D:1      | Reached XP level 1. HP: 18/18 MP: 1/1
   398 | D:1      | Reached XP level 2. HP: 22/24 MP: 2/2
   808 | D:1      | Found a faded altar of an unknown god.
  1358 | D:2      | Reached skill level 4 in Axes
  1358 | D:2      | Reached XP level 3. HP: 12/29 MP: 3/3
  2246 | D:2      | Reached XP level 4. HP: 17/35 MP: 4/4
  3087 | D:2      | Reached skill level 5 in Axes
  3858 | D:3      | Found a glowing drain.
  3865 | D:3      | Reached ** piety under Trog
  3866 | D:3      | Reached XP level 5. HP: 39/41 MP: 5/5
  3876 | Sewer    | Entered a sewer
  3976 | Sewer    | Noticed a kobold brigand
  3999 | Sewer    | Killed a kobold brigand
  4000 | Sewer    | Reached XP level 6. HP: 47/47 MP: 6/6
  4044 | Sewer    | Found a white marble altar of Elyvilon.
  4247 | D:3      | Reached skill level 6 in Axes
  5065 | D:4      | Reached *** piety under Trog
  5280 | D:4      | Noticed a necrophage
  5293 | D:4      | Killed a necrophage
  5294 | D:4      | Reached XP level 7. HP: 38/52 MP: 7/7
  5393 | D:4      | Found Kassom's Antique Armour Shoppe.
  5599 | D:4      | Reached skill level 7 in Axes
  5826 | D:4      | Reached XP level 8. HP: 44/58 MP: 8/8
  5911 | D:4      | Reached skill level 8 in Axes
  6252 | D:4      | Found a basalt altar of Yredelemnul.
  6270 | D:4      | Reached skill level 5 in Armour
  6609 | D:5      | Entered Level 5 of the Dungeon
  6755 | D:5      | Found a burning altar of Makhleb.
  6948 | D:5      | Reached **** piety under Trog
  6949 | D:5      | Reached skill level 9 in Axes
  7240 | D:5      | Reached XP level 9. HP: 59/63 MP: 9/9
  7256 | D:5      | Found a hide-covered altar of Uskayaw.
  7469 | D:6      | Noticed Menkaure
  7474 | D:6      | Killed Menkaure
  7489 | D:6      | Reached skill level 10 in Axes
  7501 | D:6      | Demolished by a wight

Illustrated notes

Levels and vault maps discovered:
D:1:      minmay_arrival_shattered_statue, layout_basic, basic_ecumenical_altar,
          chequers_serial_rivers_marsh, chequers_serial_rivers_small_3
D:2:      minmay_skewed_foursquare, layout_basic, lightli_corner_chamber
D:3:      layout_basic, portal_sewer_entry_a, st_stairs_10
D:4:      layout_cave_pools, lemuel_mausoleum_altar_yredelemnul, serial_shops,
          shop
D:5:      layout_basic, chequers_temple_overflow_statue_of_worship,
          chequers_serial_rivers_room_b, amcnicky_mini_pool_medium
D:6:      layout_cave_pools, temple_pool_b, ebering_ghost_sewer_d, serial_shops,
          nicolae_square_shop, uniq_grinder, uniq_menkaure, uniq_eustachio

Skill      XL: |  1  2  3  4  5  6  7  8  9 |
---------------+----------------------------+-----
Axes           | 4 5 6 7 9 10 | 10.1
Armour         | 3 4 5 6 |  6.3
Fighting       | |  3.0
Dodging        | |  2.0

Action                   |  1- 3 |  4- 6 |  7- 9 || total
-------------------------+-------+-------+-------++-------
Melee: Hand axe          |    81 |   241 |   214 ||   536
Invok: Berserk           |     1 |     2 |     3 ||     6
  Use: Scroll            |     1 |     2 |     1 ||     4
       Potion            |       |       |     1 ||     1
 Stab: Sleeping          |       |     2 |       ||     2
Armor: Animal skin       |    24 |    16 |       ||    40
       Plate armour      |       |    98 |   113 ||   211
Dodge: Dodged            |    49 |   106 |    62 ||   217

Table legend: (Time is in decaauts)
 A = Elapsed time spent in this place.
 B = Non-inter-level travel time spent in this place.
 C = Inter-level travel time spent in this place.
 D = Time resting spent in this place.
 E = Time spent auto-exploring this place.
 F = Levels seen in this place.
 G = Mean time per level.
                   A        B        C        D        E       F      G
               +--------+--------+--------+--------+--------+-----+--------+
         Total |   7568 |   7423 |    145 |   1340 |   5034 |   7 | 1081.1 |
       Dungeon |   7318 |   7173 |    145 |   1319 |   4885 |   6 | 1219.7 |
         Sewer |    249 |    249 |      0 |     21 |    148 |   1 |  249.0 |
               +--------+--------+--------+--------+--------+-----+--------+

Top non-repeatable levels by time:
     D:2: 2025 daAuts
     D:4: 1644 daAuts
     D:1: 1440 daAuts
     D:3: 1331 daAuts
     D:5: 849 daAuts
   Sewer: 249 daAuts
     D:6: 28 daAuts
